 Dungeon Crawl Stone Soup version 0.30-a0-368-g86fb4627a9 (webtiles) character file.

Game seed: 12649912549956529198

76 Jackthecabe the Slasher (level 4, -10/33 HPs)
             Began as a Merfolk Gladiator on Nov 20, 2022.
             Killed from afar by Ijyb (18 damage)
             ... with a bolt of acid
             ... on level 2 of the Dungeon.
             The game lasted 00:02:36 (1924 turns).

Jackthecabe the Slasher (Merfolk Gladiator)         Turns: 1924, Time: 00:02:36

Health: -10/33     AC: -2    Str: 14    XL:     4   Next: 32%
Magic:  4/4        EV: 12    Int:  7    God:
Gold:   117        SH:  0    Dex: 17    Spells: 3/3 levels left

rFire   . . .      SeeInvis .    a - +0 long sword
rCold   . . .      Faith    .    (no shield)
rNeg    . . .      Spirit   .    h - +0 ring mail
rPois   .          Reflect  .    c - +0 helmet
rElec   .          Harm     .    j - scarf {shadows}
rCorr   .          Rampage  .    (no gloves)
Will    .....                    (no boots)
Stlth   +.........               (no amulet)
HPRegen 0.25/turn                (no ring)
MPRegen 0.09/turn                (no ring)

@: corroded
A: (nimble swimmer 2), mertail
a: no special abilities


You were on level 2 of the Dungeon.
You visited 1 branch of the dungeon, and saw 3 of its levels.

You collected 117 gold pieces.


Innate Abilities, Weirdness & Mutations

((You are very nimble when in or above water. (Stealth+, EV+, Speed+++)))
Your lower body shifts to a powerful aquatic tail in water.


   Skills:
 - Level 2.1 Fighting
 + Level 6.1 Long Blades
 - Level 2.0 Throwing
 - Level 4.0 Dodging


You had 3 spell levels left.
You didn't know any spells.
Your spell library contained the following spells:

 Spells                   Type           Power      Damage    Failure   Level
 Malign Gateway           Summ/Tloc      0%         N/A       100%        7
 Summon Horrible Things   Summ           0%         N/A       100%        8

Inventory:

Hand Weapons
 a - a +0 long sword (weapon)
Missiles
 d - a throwing net (quivered) {=f}
 e - a javelin
Armour
 b - a +0 leather armour
 c - a +0 helmet (worn)
 h - a +0 ring mail (worn)
 j - a scarf of shadows (worn)
Jewellery
 g - an amulet of faith {!P}
Scrolls
 i - 6 scrolls of identify {unknown}
 k - a scroll of fear {unknown}
 l - a scroll of immolation {unknown}
 n - a scroll of poison {unknown}
 o - a scroll of teleportation {unknown}
 p - a scroll of silence {unknown}
 t - a scroll of acquirement {unknown}
 u - a scroll of magic mapping {unknown}
Potions
 f - 2 potions of brilliance {unknown}
 m - 2 potions of heal wounds {unknown}
 q - a potion of haste {unknown}
 r - a potion of might
 s - 2 potions of attraction {unknown}

Dungeon Overview and Level Annotations

Branches:
Dungeon (3/15)

Altars:

Annotations:
D:2 Ijyb

# #.##.##..#...#..#..######..#..
# #.##.##..#.........# #..#.. #
#.#................# #..#.. #
#.##...#.#...#.....######.....
####.##...#.#..................#.
...#.##...#.#....g>..............
##.#.##...#.#.#.#.#..##..##......
..........#.....#.#..............
##.#.##.........@...............#
...........<..........#..........
##.#.##...#.....#.##..#..##..####
..........#.#.###.##..#..........
####.##.#......[......#.###..####
..........#.#.#................<#
####.##.#.#.#.###.###.#####.(####
#.##.#.#.#.# #.# #.#####..# #
#.##.#.#.#.#######.##.....# #


You could see Ijyb (strong, caught).


Message History

An orc comes into view. It is wielding a +0 hand axe.
Ijyb zaps a wand.
The bolt of acid hits you! The acid corrodes you!
You hit Ijyb but do no damage.
Ijyb is lightly wounded.
Ijyb hits you with a +0 dagger.
There is a stone staircase leading up here.
Ijyb closely misses you.
You climb upwards.
There is a stone staircase leading down here.
Throw: 3 throwing nets {=f}
Press: ? - help, Q - select action, (/) - cycle Shift-Dir - straight line, f - Ijyb
Aim: Ijyb, wielding a +0 dagger, wearing a +0 chain mail and carrying a wand of acid (11) (lightly wounded, strong, 62% to hit)
You throw a throwing net {=f}.
The throwing net {=f} barely misses Ijyb.
Ijyb zaps a wand.
The bolt of acid hits you!
* * * LOW HITPOINT WARNING * * *
The acid corrodes you!
Unknown command.
Throw: 2 throwing nets {=f}
Press: ? - help, Q - select action, (/) - cycle Shift-Dir - straight line, f/p - Ijyb
Aim: Ijyb, wielding a +0 dagger, wearing a +0 chain mail and carrying a wand of acid (10) (lightly wounded, strong, 62% to hit)
You throw a throwing net {=f}. The throwing net {=f} hits Ijyb.
Ijyb is caught in the net!
Ijyb is lightly wounded.
Ijyb struggles against the net.
Ijyb struggles against the net.
Ijyb struggles against the net.
Ijyb zaps a wand.
The bolt of acid hits you!!
Ouch! That really hurt!
You die...

Skill      XL: |  1  2  3  4 |
---------------+-------------+-----
Long Blades    | 4 5 6 |  6.1
Fighting       | |  2.1
Throwing       | |  2.0
Dodging        | |  4.0

Action                   |  1- 3 |  4- 6 || total
-------------------------+-------+-------++-------
Melee: Long sword        |   119 |    28 ||   147
       Punch             |     1 |       ||     1
Throw: Throwing net      |       |     2 ||     2
Armor: Ring mail         |    51 |    10 ||    61
       Leather armour    |     2 |       ||     2
Dodge: Dodged            |    85 |    23 ||   108

Levels and vault maps discovered:
D:1:      wheals_arrival_linesprint, layout_basic, minmay_pentomino_z4
D:2:      layout_basic
D:3:      layout_basic, uniq_ijyb, uniq_sigmund, uniq_terence

Notes
Turn   | Place    | Note
-------+----------+-------------------------------------------
     0 | D:1      | Jackthecabe the Merfolk Gladiator began the quest for the
                  | Orb.
     0 | D:1      | Reached XP level 1. HP: 16/16 MP: 1/1
   165 | D:1      | Reached skill level 4 in Long Blades
   197 | D:1      | Reached XP level 2. HP: 22/22 MP: 2/2
   308 | D:1      | Reached skill level 5 in Long Blades
   308 | D:1      | Reached XP level 3. HP: 24/27 MP: 3/3
  1299 | D:2      | Reached XP level 4. HP: 33/33 MP: 4/4
  1850 | D:2      | Reached skill level 6 in Long Blades
  1910 | D:3      | Noticed Ijyb
  1924 | D:2      | Killed from afar by Ijyb

Vanquished Creatures
  A gnoll (D:2)
  4 dart slugs (D:1)
  5 endoplasms
  A giant cockroach (D:1)
  4 goblins
  4 hobgoblins
  4 jackals (D:1)
  4 quokkas
  6 ball pythons
  6 bats
  6 frilled lizards
  4 kobolds
  7 rats
56 creatures vanquished.

Table legend: (Time is in decaauts)
 A = Elapsed time spent in this place.
 B = Non-inter-level travel time spent in this place.
 C = Inter-level travel time spent in this place.
 D = Time resting spent in this place.
 E = Time spent auto-exploring this place.
 F = Levels seen in this place.
 G = Mean time per level.
                   A        B        C        D        E       F      G
               +--------+--------+--------+--------+--------+-----+--------+
         Total |   1946 |   1831 |    115 |     31 |   1438 |   3 |  648.7 |
       Dungeon |   1946 |   1831 |    115 |     31 |   1438 |   3 |  648.7 |
               +--------+--------+--------+--------+--------+-----+--------+

Top non-repeatable levels by time:
     D:2: 980 daAuts
     D:1: 929 daAuts
     D:3: 36 daAuts

Table legend:
 A = Non-vault XP
 B = Vault XP
 C = Vault XP percentage of total XP
 D = Non-vault monster count
 E = Vault monster count
 F = Vault count percentage of total count
                 A         B        C        D         E       F
            +---------+---------+-------+---------+---------+-------
      Total |     102 |       7 |   6.4 |      53 |       3 |   5.4
            +---------+---------+-------+---------+---------+-------
        D:1 |      51 |       7 |  12.1 |      27 |       3 |  10.0
        D:2 |      48 |       0 |   0.0 |      24 |       0 |   0.0
        D:3 |       3 |       0 |   0.0 |       2 |       0 |   0.0
            +---------+---------+-------+---------+---------+-------
